[Event "7th Porticcio Open 2022"]
[Site "Porticcio"]
[Date "2022.07.05"]
[Round "5.7"]
[White "Suarez Uriel, Adrian"]
[Black "Humeau, Cyril"]
[Result "1-0"]
[ECO "C10"]
[WhiteElo "2386"]
[BlackElo "2270"]
[Annotator "TA"]
[PlyCount "145"]
[EventDate "2022.07.02"]
[EventType "swiss"]
[EventCountry "FRA"]
[SourceTitle "playchess.com"]
[Source "ChessBase"]
[SourceQuality "1"]
[TimeControl "5400+30"]

1. e4 e6 2. d4 d5 3. Nc3 dxe4 4. Nxe4 Nf6 5. Nxf6+ Qxf6 6. Nf3 h6 7. Bd3 Nc6 8. O-O Bd6 {[%emt 0:00:29] 8...Bd6 scores better than 8...Bd7.} (8... Nxd4 $2 9. Nxd4 Bd7 10. Be3 $18) 9. Re1 {[%emt 0:00:21] C10: French with 3 Nc3: Unusual Black 3rd moves and 3...dxe4.} O-O (9... Nxd4 $2 10. Nxd4 Bd7 11. Nb5 $18) 10. Be4 Bd7 {[%emt 0:05:18] [#]} 11. Ne5 $146 {[%emt 0:03:53] White is better.} ({Predecessor:} 11. c4 Rad8 12. c5 Bf4 13. Qb3 Rb8 14. Bxf4 Qxf4 15. Rad1 Rfd8 16. Ne5 Nxe5 17. dxe5 Bc6 18. g3 Qg4 19. f3 Qg5 20. Bxc6 bxc6 21. Qc3 {½-½ (21) Heppell,I (2132)-Spanton,T (1980) Guernsey 2011}) 11... Nxe5 (11... Bxe5 $14 12. dxe5 Nxe5) 12. dxe5 $16 Qxe5 {[%emt 0:00:04] [#]} 13. Bh7+ $1 {[%emt 0:00:05][%mdl 576] Discovered Attack} Kxh7 14. Rxe5 Bxe5 {[%emt 0:00:03] This bishop pair is nice.} 15. Bf4 ({Wrong is} 15. Qxd7 $2 Rfd8 16. Qd2 Rxd2 17. Bxd2 Bxb2 $19) (15. Qe2 $16 Bd6 16. Qe4+ f5 17. Qxb7) 15... Bxf4 $14 16. Qxd7 Bd6 17. c4 {[%emt 0:01:56][%mdl 1024] White has compensation.} b6 18. g3 Kg8 19. h4 a5 20. Re1 Rae8 21. Qc6 f5 22. f4 Re7 23. a3 Rfe8 24. Kg2 Kf8 (24... g6 $11 {remains equal.}) 25. Qb5 $16 e5 26. Kf3 exf4 (26... g6 $11) 27. Qxf5+ Kg8 28. Rxe7 {[%emt 0:00:13] Chess con chili.} Rxe7 {[%emt 0:00:04][%mdl 4096] Endgame KQ-KRB} 29. Qd5+ (29. gxf4 $16 Rf7 30. Qe6) 29... Kf8 $1 $14 30. Qf5+ Kg8 $1 31. g4 (31. gxf4 $16 Rf7 32. Qe6) 31... Re3+ $11 32. Kf2 Re5 (32... Bc5 $5 33. Qd5+ Kh8 $11) 33. Qc8+ Kf7 34. Qd7+ Kf6 (34... Kg6 $14) 35. Qd8+ (35. b4 $1 $16) 35... Kf7 (35... Kg6 $14) 36. b4 $1 $16 axb4 37. axb4 Kg6 38. Qd7 {[%emt 0:00:51][%cal Oc4c5] Black must now prevent c5!} Kf6 ({Black should play} 38... Kh7 $1 $14) 39. Kf1 ({White should try} 39. Kg2 $16) 39... Kg6 $2 {[%emt 0:00:58][%mdl 8192] [#] This costs Black the game.} (39... Bxb4 $14 40. Qxc7 Bc5) 40. c5 $1 $18 bxc5 {[#]} 41. b5 {[%cal Ob5b6] Intending b6! and mate.} Kf6 42. b6 {[%emt 0:00:11][%mdl 64] Threatening mate with b7. Deflection, Decoy} cxb6 43. Qxd6+ {[%emt 0:00:01] KQ-KR} Re6 44. Qf8+ Ke5 45. Qxg7+ Kd5 46. Qf7 c4 47. Qxf4 {[%emt 0:00:12] Strongly threatening g5.} Re4 48. Qxh6 c3 49. Qxb6 c2 50. Qb2 Rxg4 51. Qxc2 Rxh4 52. Qf5+ Kc4 53. Qe6+ Kb5 54. Qe5+ Kc4 55. Ke2 Rd4 56. Ke3 Rd5 57. Qe6 Kc5 58. Ke4 Rd6 59. Qe7 Kc6 60. Ke5 (60. Qf7 $142 Kc5 61. Qc7+ Rc6 62. Qa5+ Kd6 63. Qa3+ Ke6 64. Qa4 Rc7 65. Qb3+ Kd6 66. Qd5+ Ke7 67. Qe5+ Kd8 68. Qh8+ Ke7 69. Qe5+ Kd8 70. Qa5) 60... Rd7 61. Qe8 Kc7 62. Ke6 Rd6+ 63. Ke7 Rc6 64. Qa8 (64. Qd8+ $142 Kb7 65. Qa5 Rh6 66. Qd5+ Kc7 67. Qe5+ Kc8 68. Qf5+ Kb7 69. Kd7) 64... Rb6 65. Qd5 {[%emt 0:01:55] White mates.} Rc6 66. Qb5 Rb6 67. Qc5+ Kb7 68. Kd7 Ka6 69. Qd5 Rb5 70. Qa2+ Kb7 71. Qa4 Kb6 72. Kd6 Ra5 73. Qc6+ {[%emt 0:00:09] Weighted Error Value: White=0.18 (very precise) /Black=0.53} 1-0

[Event "7th Porticcio Open 2022"]
[Site "Porticcio"]
[Date "2022.07.05"]
[Round "5.8"]
[White "Valles Moreno, Ivan"]
[Black "Derige Kane, Yan"]
[Result "0-1"]
[ECO "A09"]
[WhiteElo "2384"]
[BlackElo "2112"]
[Annotator "TA"]
[PlyCount "90"]
[EventDate "2022.07.02"]
[EventType "swiss"]
[EventCountry "FRA"]
[SourceTitle "playchess.com"]
[Source "ChessBase"]
[SourceQuality "1"]
[TimeControl "5400+30"]

1. Nf3 d5 2. c4 d4 3. g3 Nc6 4. Bg2 e5 5. d3 Bb4+ 6. Bd2 a5 7. O-O {[%emt 0:00:19] A09: Réti Opening: 1 Nf3 d5 2 c4.} Nf6 (7... Nge7 {feels hotter.} 8. e3 Bg4 9. exd4 Nxd4 10. Bc3 O-O) 8. Bxb4 axb4 9. Nbd2 {[%emt 0:00:09] The position is equal.} O-O 10. Ne1 Qe7 11. Nc2 {[%emt 0:00:53] [#]} Re8 $146 ({Predecessor:} 11... Bf5 12. Nb3 Rfd8 13. Qd2 Ra4 14. a3 bxa3 15. Rxa3 Rxa3 16. bxa3 e4 17. f3 e3 {½-½ (52) Barria Zuniga,D (2435)-Ducarmon,Q (2456) Roquetas de Mar 2014}) 12. Nb3 Bg4 13. Qd2 Rab8 14. Rfe1 Be6 15. Reb1 (15. f4 $1 $14) 15... Nd7 16. a3 bxa3 17. bxa3 Nd8 18. a4 c5 19. Rb2 f5 20. Na3 Nf6 21. e3 Nf7 22. exd4 cxd4 23. Nc2 g5 (23... e4 $14) 24. Rab1 b6 {[%emt 0:01:52] Against Na5} ({Better is} 24... Bd7) 25. Na5 $16 Bd7 (25... Rbc8 $142) 26. Rxb6 $2 (26. Nc6 $18 Bxc6 27. Bxc6) 26... Rxb6 $11 27. Rxb6 {[%emt 0:00:07] Threatens to win with Nb4.} Bxa4 28. Nb4 Qd8 (28... e4 $1 $11 29. dxe4 Qd8) 29. c5 $18 {[%emt 0:01:22] Nb7 is the strong threat.} e4 {[%emt 0:01:41] [#]} 30. Qa2 (30. Nb7 $1 $16 e3 31. Qe2 exf2+ 32. Qxf2) 30... e3 $1 $11 {[%emt 0:01:41] aiming for ...e2.} 31. Rb7 ({Avoid the trap} 31. Qxa4 $2 exf2+ 32. Kxf2 Ng4+ 33. Kg1 Re1+ 34. Bf1 Ne3 $19) (31. Bf1 $5 exf2+ 32. Kxf2 (32. Qxf2 Nd7 $11) 32... Ng4+ 33. Kg1 $11) 31... Bd7 {[%emt 0:01:03] And now ...e2 would win.} 32. Nbc6 $2 {[%emt 0:01:04] This costs White the game.} (32. fxe3 $11 {and White has nothing to worry.} dxe3 33. Nac6) 32... e2 $19 33. Qxf7+ $2 (33. Nxd8 e1=Q+ 34. Bf1 Rxd8 35. Rb1) 33... Kxf7 34. Nxd8+ Kg6 ({Worse is} 34... Rxd8 35. Rb1 $11) 35. Rb1 e1=Q+ 36. Rxe1 Rxe1+ 37. Bf1 f4 {[%emt 0:01:08] ( -> ...Bh3)} 38. Nc4 Bh3 39. Nd2 Nd5 {[%emt 0:00:36][%cal Od5e3] White must now prevent ...Ne3!} 40. Nc6 {[%emt 0:00:44] [#]} Ne3 $1 41. Ne5+ (41. f3 Bxf1) 41... Kf6 {[%emt 0:00:30] Black mates.} 42. Nef3 Rc1 43. Nxd4 Nxf1 44. N4b3 Rd1 45. Ne4+ Kg7 {[%emt 0:00:35] Weighted Error Value: White=0.67/Black=0.29 (precise)} 0-1

[Event "7th Porticcio Open 2022"]
[Site "Porticcio"]
[Date "2022.07.05"]
[Round "6.1"]
[White "Maurizzi, Marc Andria"]
[Black "Can, Isik"]
[Result "1-0"]
[ECO "B18"]
[WhiteElo "2506"]
[BlackElo "2445"]
[Annotator "TA"]
[PlyCount "101"]
[EventDate "2022.07.02"]
[EventType "swiss"]
[EventCountry "FRA"]
[SourceTitle "playchess.com"]
[Source "ChessBase"]
[SourceQuality "1"]
[TimeControl "5400+30"]

1. e4 c6 2. d4 d5 3. Nc3 dxe4 4. Nxe4 Bf5 5. Ng3 Bg6 6. h4 h6 7. Bd3 {[%emt 0:01:45] Hoping for Bxg6. B18: Classical Caro-Kann: 4...Bf5 sidelines.} Bxd3 8. Qxd3 e6 9. N1e2 {[%emt 0:00:31] The position is equal.} Nd7 10. Bd2 Ngf6 11. O-O-O Be7 12. Kb1 O-O 13. Ne4 Nxe4 14. Qxe4 Nf6 15. Qd3 Qd5 16. f3 {[%emt 0:01:22] [#]} e5 $146 ({Predecessor:} 16... h5 17. Bg5 Qf5 18. Qxf5 exf5 19. Nf4 g6 20. Rhe1 Bd8 21. c4 Kg7 22. Kc2 Re8 23. Rxe8 Nxe8 24. Bxd8 Rxd8 {1-0 (34) Vorobiov,E (2535)-Wenninger,P (2366) Schwaebisch Gmuend 2020}) 17. g4 e4 18. Qc3 Qb5 {And now ...Nd5 would win.} 19. Nf4 {[%emt 0:14:00][%cal Og4g5] aiming for g5!} Nd5 20. Nxd5 cxd5 21. fxe4 dxe4 22. g5 h5 (22... hxg5 23. hxg5 Qd7 24. Qg3 $18) 23. Rhe1 Qd5 24. Qe3 f5 25. gxf6 Bxf6 26. Qxe4 Qxd4 27. Qe6+ (27. Qxb7 $2 Rab8 28. Bc1 Rxb7 $19) 27... Kh7 28. Bc3 Qg4 29. Qb3 ({Better is} 29. Bxf6 $14 Rxf6 30. Qd5) 29... Rad8 30. Rc1 (30. Rxd8 Rxd8 31. a3 Qxh4 $17) 30... Qf3 ({Resist} 30... Qxh4 31. Rh1 Qg5 32. Bxf6 Rxf6 33. Qxb7 $14) ({But not} 30... Bxh4 31. Rg1 Bg3 32. Be5 $16 (32. Qxb7 Rd7 $11)) 31. Rf1 Qd5 {[%emt 0:00:11] White must now prevent ...Qxb3.} 32. Qa3 Rd6 33. b3 Rf7 34. Bxf6 Ra6 (34... Rdxf6 $15 35. Rxf6 Rxf6) 35. Qb4 $11 Raxf6 36. Rfd1 Qf3 37. Rd8 Rf8 (37... Qg4 $5 38. Rd4 Rf4 39. Rxf4 Qxf4 $11) 38. Rd7 R8f7 39. Rd8 Rf8 (39... Qg4 $5 40. Rd4 Rf4 41. Rxf4 Qxf4 $11) 40. Rd3 Qg2 41. Qc5 Qg4 42. Qxa7 b6 43. Rdd1 Qxh4 {[%emt 0:00:53] [#]} (43... R8f7 $14 44. Qb8 Qf4 45. Qxf4 Rxf4) 44. Rh1 $1 $16 Qg5 45. Rcg1 $40 {[%emt 0:00:09][%mdl 128] Threatening mate with Rxh5+. Black is in trouble.} Qh6 {[%emt 0:00:01] [#] Loses the game.} (45... R8f7 $16 46. Rxg5 Rxa7) 46. Rxh5 $3 $18 {[%emt 0:01:22][%csl Gg1][%cal Ra7g7][%mdl 512] White is clearly winning.} Rf1+ 47. Kb2 Rxg1 48. Rxh6+ Kxh6 49. Qxb6+ Rg6 50. Qe3+ Kh7 51. a4 {[%emt 0:00:11] Weighted Error Value: White=0.06 (flawless) /Black=0.14 (very precise)} 1-0

[Event "7th Porticcio Open 2022"]
[Site "Porticcio"]
[Date "2022.07.05"]
[Round "6.2"]
[White "Clarke, Brandon G I"]
[Black "Yankelevich, Lev"]
[Result "1-0"]
[ECO "C55"]
[WhiteElo "2486"]
[BlackElo "2496"]
[Annotator "TA"]
[PlyCount "89"]
[EventDate "2022.07.02"]
[EventType "swiss"]
[EventCountry "FRA"]
[SourceTitle "playchess.com"]
[Source "ChessBase"]
[SourceQuality "1"]
[TimeControl "5400+30"]

1. e4 e5 2. Nf3 Nc6 3. Bc4 Nf6 4. d4 exd4 5. e5 d5 6. Bb5 Nd7 7. O-O Be7 8. Bxc6 bxc6 9. Nxd4 {[%emt 0:01:22] C56: Two Knights: 4 d4 exd4 5 0-0 Nxe4.} Nb8 10. f4 c5 11. Ne2 {[%emt 0:09:55] The position is equal.} f6 12. c4 {[%emt 0:05:32] [#]} dxc4 $146 ({Predecessor:} 12... d4 13. Ng3 O-O 14. Qf3 c6 15. exf6 Bxf6 16. Nd2 a5 17. Nde4 Be7 18. Bd2 Bf5 19. Nxf5 Rxf5 {1-0 (36) Soltys,J-Pletanek,D corr 1972}) 13. Qxd8+ Bxd8 14. Be3 Nc6 (14... O-O $15 {feels stronger.}) 15. Nd2 Bf5 16. Rac1 (16. Nxc4 $2 Bd3 17. Rac1 (17. exf6 $2 Bxf6 18. Rac1 Bxe2 $19) 17... Bxe2 $19) 16... Bd3 17. Rf2 fxe5 18. Nxc4 e4 19. Bxc5 Bf6 {[%emt 0:00:34] Prevents Nd4.} 20. f5 O-O-O 21. Nf4 Nd4 22. Nd6+ (22. Bxa7 Bxc4 23. Rxc4 e3 $15) (22. Nxd3 exd3 23. Kf1 Nc2 $15) 22... Rxd6 23. Bxd6 $16 Kd7 24. Bc5 ({Better is} 24. Bxc7 $16 Re8 25. Ba5 (25. Nxd3 exd3 26. Bf4 Ne2+ 27. Kf1 Re4 $11)) 24... e3 $11 {[%emt 0:00:18] [#]} 25. Nxd3 exf2+ 26. Kxf2 {[%emt 0:00:06] Black must now prevent g4.} Nxf5 27. Rc4 Nd6 28. Ra4 Rf8 29. Ke2 (29. Rxa7 Bxb2+ 30. Ke2 Bc3 $11) 29... Re8+ 30. Kd1 Nb5 (30... a5 $14) 31. Ra5 $1 $16 ({Much worse is} 31. Bxa7 $6 Bxb2 $1 32. Ra5 (32. Nxb2 $2 Nc3+ 33. Kc2 Nxa4 $19) 32... Nxa7 33. Nxb2 Nc6 34. Rd5+ Ke6 $11) 31... Rb8 32. Kc2 Kc6 (32... Nd4+ $2 33. Bxd4 Bxd4 34. Rd5+ Kc6 35. Rxd4 $18) 33. Bxa7 Nxa7 34. Rxa7 {[%emt 0:00:02][%mdl 4096] Endgame KRB-KRN} Re8 35. Kd2 {[%emt 0:00:41] Prevents Re2+.} Bg5+ {[%emt 0:00:22] [#]} 36. Kd1 $1 Re4 37. b3 Rd4 38. Kc2 Re4 {[%emt 0:00:07] [#]} (38... Kd6 $16) 39. Ra6+ $1 $18 Kd5 $2 (39... Kb5 40. a4+ (40. Ra7 Re2+ 41. Kb1 Rd2 $15) 40... Kxa6 41. Nc5+ Ka5 42. Nxe4 Bf4) 40. Ra5+ {[%emt 0:00:34] White is clearly winning.} Kd4 41. Rxg5 Re2+ 42. Kd1 Kxd3 43. Rd5+ Ke4 44. Kxe2 {[%emt 0:00:07] Threatening mate with Rc5.} Kxd5 45. Kd3 {[%emt 0:00:13] Weighted Error Value: White=0.08 (flawless) /Black=0.34} 1-0

[Event "7th Porticcio Open 2022"]
[Site "Porticcio"]
[Date "2022.07.05"]
[Round "6.3"]
[White "Rakotomaharo, Fy Antenaina"]
[Black "Venkatesh, M.R."]
[Result "1/2-1/2"]
[ECO "C77"]
[WhiteElo "2490"]
[BlackElo "2479"]
[Annotator "TA"]
[PlyCount "123"]
[EventDate "2022.07.02"]
[EventType "swiss"]
[EventCountry "FRA"]
[SourceTitle "playchess.com"]
[Source "ChessBase"]
[SourceQuality "1"]
[TimeControl "5400+30"]

1. e4 e5 2. Nf3 Nc6 3. Bb5 a6 4. Ba4 Nf6 5. d3 d6 6. c3 g6 7. O-O Bg7 8. Re1 O-O 9. Nbd2 h6 {[%emt 0:26:24] C77: Ruy Lopez: 3...a6 4 Ba4 Nf6, unusual lines.} 10. h3 Nh5 11. Nf1 Nf4 {[%emt 0:06:01] [#] White is slightly better.} 12. Bxf4 $146 ({Predecessor:} 12. d4 Bd7 13. Bb3 Na5 14. Bc2 c5 15. Ne3 cxd4 16. cxd4 Rc8 17. dxe5 dxe5 18. Nd5 {1-0 (27) Horvath,Z (2332)-Somborski,N (2350) Nyiregyhaza 2004}) 12... exf4 13. d4 Ne7 14. h4 Nc6 15. Qd2 g5 16. hxg5 hxg5 17. g3 Qf6 18. N1h2 Ne7 ({Black should try} 18... Qh6 $11) 19. gxf4 (19. e5 $14 dxe5 20. Rxe5) 19... Qxf4 $11 20. Qxf4 gxf4 21. Kh1 b5 22. Bb3 Bb7 23. Ng5 c5 24. Rad1 cxd4 (24... c4 $5 25. Bc2 Ng6 $11) 25. cxd4 Rac8 26. Rd2 a5 27. a3 a4 28. Ba2 Rc7 29. Rg1 d5 (29... Nf5 {feels hotter.} 30. Nhf3 Nh6 31. Nh4 Rfc8) 30. e5 Rfc8 31. Rdd1 {[%emt 0:01:09] Inhibits Rc1. And now Ng4 would win. White is more active.} Rc6 {[%emt 0:01:23] [#]} (31... Rc2 $14) 32. Bb1 (32. Ng4 $1 $16) 32... Rh6 $14 33. Rg4 Rcc6 34. Rdg1 Bc8 $36 {[%emt 0:00:28][%mdl 2048] White is under pressure.} 35. Rxf4 f6 36. Nh7 f5 {[%emt 0:00:47][%mdl 1024] Black has compensation.} (36... Rxh7 $2 37. exf6 Rxf6 38. Rxf6 $18) 37. Nf6+ (37. Ng5 $1 $11) 37... Kf8 (37... Kf7 $5 38. Bd3 Bxf6 39. exf6 Kxf6 $17) 38. Nfg4 Rh4 {[%emt 0:00:20][%mdl 64] Hoping for ...Ke8. Pin} 39. Rf3 Rg6 (39... Kg8 {with more complications.} 40. Nf6+ Kf7 41. Kg2 Bxf6 42. exf6 Kxf6 43. Rg3 Ng6) 40. Ne3 {[%emt 0:00:39] [#]} (40. Bd3 $11) 40... Rxg1+ $2 (40... Rgh6 $1 $19 41. Rg2 R6h5) 41. Kxg1 $11 Rxd4 {[%emt 0:00:16] Strongly threatening ...f4.} 42. Bxf5 Nxf5 43. Nxf5 Bxf5 44. Rxf5+ $19 {[%emt 0:00:04][%mdl 4096] Endgame KRB-KRN} Ke7 45. Rg5 Bh6 46. Rg6 Bc1 47. Nf3 Rf4 48. Kg2 (48. Ne1 $11) 48... Bxb2 $15 49. Rb6 b4 (49... Bxa3 $15 50. Rxb5 Bb4 51. Rxd5 (51. Kg3 Rc4 $17) 51... a3) 50. axb4 $11 a3 {[%emt 0:00:12] White must now prevent ...a2.} 51. Ra6 $1 Rxb4 52. Kh3 (52. Ne1 $11) 52... Rf4 (52... Kd7 $17 {Threatens to win with ...Kc7.} 53. Kg2 Kc7) 53. Ng5 (53. Kg2 $1 $11) 53... Bxe5 ({Better is} 53... Rxf2 $17 {aiming for ...Re2.} 54. Kg4 Kd8) 54. Re6+ $1 {[%emt 0:00:28] The position is equal.} Kd7 55. Rxe5 {[%emt 0:00:08] KRN-KR} a2 56. Rxd5+ Kc6 57. Ra5 Rxf2 58. Ne4 Kb6 59. Ra8 Re2 60. Nc3 Re3+ 61. Kg4 Rxc3 62. Rxa2 {[%emt 0:00:03] Weighted Error Value: White=0.20 (precise) /Black=0.20 (precise)} 1/2-1/2

[Event "7th Porticcio Open 2022"]
[Site "Porticcio"]
[Date "2022.07.05"]
[Round "6.4"]
[White "Karttunen, Mika"]
[Black "Piscopo, Pierluigi"]
[Result "1-0"]
[ECO "E29"]
[WhiteElo "2484"]
[BlackElo "2343"]
[Annotator "TA"]
[PlyCount "131"]
[EventDate "2022.07.02"]
[EventType "swiss"]
[EventCountry "FRA"]
[SourceTitle "playchess.com"]
[Source "ChessBase"]
[SourceQuality "1"]
[TimeControl "5400+30"]

1. d4 Nf6 2. c4 e6 3. Nc3 Bb4 4. e3 O-O 5. Bd3 c5 6. a3 Bxc3+ 7. bxc3 Nc6 8. Ne2 b6 9. e4 Ne8 10. O-O Ba6 11. f4 f5 12. Ng3 Nd6 {[%emt 0:06:35] E29: Nimzo-Indian: Sämisch: 5...0-0 6 e3 c5 7 Bd3 Nc6.} (12... cxd4 $11 13. cxd4 Nd6) 13. exf5 (13. dxc5 {feels hotter.} Nxe4 14. Nxe4 fxe4 15. Bxe4 Bxc4 16. Rf2) 13... exf5 14. dxc5 bxc5 {[%emt 0:02:05] White is slightly better.} 15. Be3 Nxc4 (15... g6 $14) 16. Bxc5 $16 {[%emt 0:00:52] This bishop pair is nice.} d6 (16... Rf7 $16 17. Qe2 (17. Nxf5 Qa5 $17) 17... Qa5) 17. Bxc4+ $2 (17. Bf2 $1 $18 {Strongly threatening Qe2.} d5 18. Qa4 (18. Nxf5 Qf6 $16) (18. Bxf5 Bc8 $16)) 17... Bxc4 $11 {[%emt 0:00:17] [#]} 18. Qxd6 $146 ({Predecessor:} 18. Bxd6 Qb6+ 19. Kh1 Bxf1 20. Bxf8 Bxg2+ 21. Kxg2 Rxf8 22. Qd5+ {½-½ (22) Dearing,E (2185)-Grant,J (2265) Oban 1996}) 18... Qxd6 19. Bxd6 Rfd8 20. Rfd1 Bb3 21. Rdb1 Be6 22. Bb4 Rd3 23. Re1 Kf7 24. Ne2 (24. Nh1 {is more complex.} Rb8 25. Nf2 Rd5 26. c4) 24... Rad8 25. Bc5 Rd2 26. Rab1 Bd5 (26... R8d7 $11 {is superior.}) 27. Rb7+ $14 Kg6 28. Rc7 Rc2 29. Bf2 (29. Bxa7 Re8 30. Rd7 Rcxe2 31. Rxe2 Rxe2 32. Rxd5 Nxa7 33. Rd6+ Kh5 $19) 29... Rd6 (29... Re8 $14 30. Rd7 Bb3) 30. Rd1 Rxe2 $16 31. c4 $1 Ne7 {[%emt 0:01:48] aiming for ...Rc6.} 32. Rxa7 $2 {[%emt 0:01:54] [#]} (32. cxd5 $16 Rxd5 33. Re1 Rxe1+ 34. Bxe1) 32... Rc6 $1 33. cxd5 (33. Re1 Rxf2) 33... Rcc2 (33... Nxd5 $11 {and Black has nothing to worry.} 34. Kf1 (34. Bd4 Nf6 $14) 34... Rcc2) 34. Bd4 $18 {[%emt 0:01:54] Black must now prevent d6.} Nxd5 35. Rxg7+ Kh6 {[%emt 0:00:11] [#]} 36. Rg3 $1 Nxf4 (36... Re4 {is a better defense.} 37. Bg7+ Kh5 38. Rg5+ Kh4) 37. Be3 Rxe3 38. Rxe3 {[%emt 0:00:08] And now Ra1 would win.} Rxg2+ {[%emt 0:00:01][%mdl 4096] Endgame KRR-KRN} 39. Kh1 Rf2 {[%emt 0:00:53] Inhibits Rf3.} (39... Ra2 40. Rf3 Ng6 41. Rxf5 Rxa3) 40. Rg1 (40. Ra1 $142 Nd5 41. Rh3+ Kg5 42. a4) 40... Ng6 $2 (40... Ra2 41. Rf3 Ng6 42. Rxf5 Rxa3) 41. Rh3+ Kg7 42. Rhg3 (42. Ra1 $142) 42... Ra2 43. Rf1 Kf6 44. Kg1 f4 45. Rh3 Kf5 46. Rf2 ({Don't do} 46. Rxh7 Rxa3 47. Re1 Kg4) 46... Ra1+ 47. Rf1 (47. Kg2 $16) 47... Ra2 48. Rf2 ({Much less strong is} 48. Rxh7 Rxa3 49. Rf2 Ne5) 48... Ra1+ 49. Kg2 Kg4 50. Rxh7 {[%emt 0:00:14] h3+ is the strong threat.} Rxa3 51. h3+ Kg5 52. Kh2 Ne5 53. Rg2+ Kf5 {[%emt 0:01:50] ( -> ...Nf3+)} 54. Rh5+ Kf6 {[%emt 0:00:02] [#]} (54... Ke4 $16 {was necessary.} 55. Re2+ Re3) 55. Rb2 $1 {[%emt 0:00:46] Threatens to win with Rb6+.} Re3 56. Rb6+ Kg7 57. Rg5+ Kh7 58. Rf5 $2 ({White has to play} 58. Kg2 $18) 58... Re2+ $2 (58... Nf3+ $15 59. Kg2 (59. Kh1 $2 Re2 $19) 59... Nh4+ 60. Kf2 Nxf5) 59. Kg1 f3 60. Kf1 {[%emt 0:00:36] Intending Re6 and mate.} Re3 $2 (60... Nc4 $18 61. Rf7+ (61. Rxf3 Re7 $11) 61... Kg8 62. Rxf3 Re8 63. Rg6+ Kh7) 61. Re6 {[%emt 0:00:49] White mates.} Nc4 62. Rh5+ Kg7 63. Rxe3 Nxe3+ 64. Kf2 Kg6 65. Rc5 Nf5 66. Kxf3 {[%emt 0:00:05] Weighted Error Value: White=0.47/Black=0.51} 1-0

[Event "7th Porticcio Open 2022"]
[Site "Porticcio"]
[Date "2022.07.05"]
[Round "6.5"]
[White "Trent, Lawrence"]
[Black "Vilaisarn, Akkhavanh"]
[Result "1-0"]
[ECO "A00"]
[WhiteElo "2404"]
[BlackElo "2274"]
[Annotator "TA"]
[PlyCount "42"]
[EventDate "2022.07.02"]
[EventType "swiss"]
[EventCountry "FRA"]
[SourceTitle "playchess.com"]
[Source "ChessBase"]
[SourceQuality "1"]
[TimeControl "5400+30"]

1. Nc3 d5 2. d4 e6 3. Bf4 Bd6 4. e3 Ne7 5. Nf3 Ng6 {[%emt 0:00:44] [#]} 6. Bxd6 $146 {[%emt 0:01:32] D00: 1 d4 d5: Unusual lines.} ({Predecessor:} 6. Bg3 Nd7 7. Bd3 f5 8. Qe2 a6 9. Bxd6 cxd6 10. g4 fxg4 11. Nd2 Nf6 12. h3 {1-0 (44) Bortnyk,O (2604)-Pap,G (2481) Chess.com INT 2022}) 6... cxd6 7. h4 Ne7 8. e4 {[%emt 0:04:56] White has an edge.} dxe4 9. Nxe4 Nbc6 10. Qd2 d5 11. Ng3 O-O 12. Bd3 h6 13. O-O-O Bd7 {[%emt 0:08:04] [#]} (13... f6 $11 {remains equal.}) 14. Nh5 $1 $16 {[%emt 0:02:53] White is much more active. The black rooks are badly placed.} Nf5 (14... Be8 $16 {keeps fighting.}) 15. g4 Nd6 {[%emt 0:02:39] This move loses the game for Black.} (15... Ncxd4 $2 16. gxf5 Nxf3 17. Qf4 exf5 18. Qxf3 $18) (15... Nfxd4 $16 {was called for.} 16. Nxd4 (16. Bh7+ Kxh7 17. Nxd4 g6 $17) 16... Nxd4) 16. g5 $18 Ne4 $2 (16... Kh8 17. Ne5 (17. gxh6 g6 $18) 17... Rc8) 17. Bxe4 dxe4 {[%emt 0:00:09] [#]} 18. gxh6 $1 g6 (18... Qa5 19. Qxa5) 19. h7+ Kxh7 20. Ng5+ {[%emt 0:00:01] Pair of Knights!} Kg8 {[%emt 0:00:19] [#]} 21. Nxe4 $1 {[%emt 0:00:02][%cal Od2h6] Threatening mate with Qh6!} Qa5 {Weighted Error Value: White=0.07 (flawless) /Black=1.02} (21... Kh7 22. Nef6+) 1-0

[Event "7th Porticcio Open 2022"]
[Site "Porticcio"]
[Date "2022.07.05"]
[Round "6.6"]
[White "Droin, Augustin"]
[Black "Stoenescu, Radu"]
[Result "1-0"]
[ECO "B90"]
[WhiteElo "2391"]
[BlackElo "2107"]
[Annotator "TA"]
[PlyCount "119"]
[EventDate "2022.07.02"]
[EventType "swiss"]
[EventCountry "FRA"]
[SourceTitle "playchess.com"]
[Source "ChessBase"]
[SourceQuality "1"]
[TimeControl "5400+30"]

1. e4 c5 2. Nf3 d6 3. d4 Nf6 4. Nc3 cxd4 5. Nxd4 a6 6. f3 e6 7. Be3 b5 8. Qd2 Bb7 9. g4 h6 10. h4 {[%emt 0:03:03] B80: Sicilian Scheveningen: 6 g3 and 6 Be3, including English Attack.} Nbd7 11. Rg1 b4 12. Na4 {[%emt 0:01:39] [#] Strongly threatening g5. White is slightly better.} Qa5 $146 ({Predecessor:} 12... Nc5 13. Nxc5 dxc5 14. Nb3 Qc7 15. Bc4 Nd7 16. Qe2 Be7 17. O-O-O a5 18. g5 a4 {1-0 (43) Socko,B (2610)-Ejsmont,K (2395) Warsaw 2005}) 13. b3 Nc5 (13... e5 $1 $11 {keeps the balance.}) 14. a3 $16 Nxa4 15. axb4 (15. bxa4 Qxa4 16. Qxb4 Qxb4+ 17. axb4 d5 $11) 15... Qc7 16. Rxa4 {[%emt 0:01:12] g5 is the strong threat.} d5 (16... e5 $16) 17. b5 $18 a5 (17... e5 $142) 18. b6 Qxb6 19. Bb5+ Nd7 {[%emt 0:01:07] [#]} 20. exd5 $1 exd5 21. Qd3 Qc7 {[%emt 0:05:23] [#]} 22. Bf4 $1 Bd6 (22... Qxf4 $2 23. Qe2+ Kd8 {[#]} 24. Ne6+ $1 fxe6 25. Rxf4 $18) 23. Bxd6 Qxd6 24. Nf5 Qf6 25. Qd4 Kd8 26. Bxd7 Kxd7 27. Qxf6 {[%emt 0:00:08] Dancing on a razor blade.} ({Weaker is} 27. Qc5 Rhc8 28. Qf2 (28. Qb5+ $2 Bc6 $19) 28... Bc6 $11) 27... gxf6 28. Kd2 Bc6 29. Ra3 Kc7 30. Re1 Kb6 31. Re7 Raf8 (31... h5 {might work better.} 32. Rxf7 Raf8 33. Rxf8 Rxf8) 32. h5 Rh7 33. Ra1 Rd8 34. Nd4 Bd7 35. Ke3 Re8 36. Rxe8 Bxe8 {[%emt 0:00:01][%mdl 4096] Endgame KRB-KRN} 37. Kf4 {[%emt 0:00:08] Threatens to win with Kf5.} Bd7 38. Re1 Kc5 39. c3 a4 $2 (39... Rh8 40. Re7 Be6) 40. bxa4 Kc4 (40... Bxa4 $142 41. Ra1 Bd7) 41. Re7 Bxa4 42. Rc7+ Kd3 43. Kf5 Bd1 44. Kxf6 Rh8 45. Kg7 Rb8 46. g5 hxg5 47. h6 f5 48. h7 g4 49. fxg4 fxg4 50. Kh6 $2 (50. h8=Q {mates} Rxh8 51. Kxh8 g3 52. Nf5 g2 53. Rg7 Bf3 54. Rg3 Kd2 55. Kg7) 50... Rb2 $2 {[%emt 0:00:58][%mdl 8192] A mistake that costs the game.} (50... g3 $14 51. Nc6 Rh8) 51. h8=Q {[%emt 0:04:30] White mates.} Rh2+ 52. Kg7 Rxh8 53. Kxh8 Ke3 54. Rd7 Ke4 55. Kg7 g3 56. Kf6 Bg4 57. Re7+ Kd3 58. Rg7 Kxc3 59. Rxg4 g2 60. Nf5 {[%emt 0:00:03] Weighted Error Value: White=0.22 (precise) /Black=0.58} 1-0